AoeStats
← Xi Jinping

Arabia

507516717Analyzed
4v4 RM · 15d ago on Sep 18, 2026· 69m 10s· 8 players
Game mode
Random Map
Map size
Large (8 player)
Population
200
Speed
Normal
Resources
Standard
Victory
Conquest
Starting age
Dark Age
Ending age
Imperial Age
RankedLock teamsTeams togetherTeam positionsShared explorationLock speedFull tech treeHidden civsTurbo modeCheats
Victory
Defeat
🇹🇼 Armenians · Taiwan
699
+15
🇨🇳 Mongols · China
671
+16
🇹🇷 Chinese · Türkiye
670
+16
649
+17
🇮🇹 Jurchens · Italy
749
-18
🇦🇷 Huns · Argentina
668
-16
🇨🇭 Mapuche · Switzerland
652
-15
🇨🇭 Persians · Switzerland
648
-15
Hz.
7:13 Loom
11:02 Feudal Age
16:18 Double-Bit Axe
17:24 Fletching
19:21 Horse Collar
24:31 Castle Age
23:50 Padded Archer Armor
24:28 Forging
24:47 Crossbowman
26:48 Bow Saw
28:40 Heavy Plow
28:42 Bodkin Arrow
28:52 Scale Barding Armor
28:49 Gold Mining
33:15 Wheelbarrow
38:21 Imperial Age
36:45 Hand Cart
40:07 Parthian Tactics
39:03 Heavy Cavalry Archer
39:49 Thumb Ring
39:11 Heavy Cavalry Archer
40:03 Thumb Ring
41:20 Chemistry
40:42 Ballistics
40:52 Caravan
41:47 Conscription
41:01 Elite Mangudai
44:42 Bloodlines
44:34 Husbandry
44:40 Bracer
44:56 Leather Archer Armor
45:02 Chain Barding Armor
45:13 Arbalester
52:29 Onager
52:30 Heavy Scorpion
54:08 Siege Onager
60:36 Drill
aamettr
0:50 Loom
13:22 Feudal Age
15:11 Wheelbarrow
15:43 Horse Collar
15:50 Double-Bit Axe
22:51 Castle Age
21:27 Stone Mining
21:27 Gold Mining
24:20 Bow Saw
24:31 Hand Cart
24:35 Hand Cart
24:45 Heavy Plow
26:13 Light Cavalry
28:31 Husbandry
28:41 Bloodlines
30:57 Stone Shaft Mining
30:57 Gold Shaft Mining
34:23 Caravan
33:53 Crossbowman
34:39 Thumb Ring
36:50 Man-at-Arms
42:27 Imperial Age
42:56 Great Wall
44:14 Elite Chu Ko Nu
45:30 Rocketry
46:51 Conscription
46:02 Sappers
46:03 Heavy Rocket Cart
49:34 Pikeman
52:06 Cavalier
58:07 Arbalester
60:51 Scale Barding Armor
60:46 Scale Mail Armor
60:57 Forging
60:38 Fletching
60:48 Padded Archer Armor
63:07 Elite Fire Lancer
68:51 Chemistry
67:37 Arrowslits
67:42 Guard Tower
68:03 Fortified Wall
67:48 Murder Holes
68:04 Masonry
68:16 Ballistics
67:47 Heated Shot
誰偷我的豬
0:37 Loom
11:50 Feudal Age
13:30 Wheelbarrow
15:16 Horse Collar
15:57 Double-Bit Axe
21:37 Castle Age
20:03 Stone Mining
20:09 Gold Mining
22:51 Bow Saw
23:27 Heavy Plow
23:54 Light Cavalry
24:43 Husbandry
24:29 Pikeman
26:16 Scale Barding Armor
27:10 Hand Cart
28:31 Forging
33:18 Imperial Age
37:25 Conscription
36:27 Elite Composite Bowman
36:31 Cavalier
38:09 Fletching
38:21 Padded Archer Armor
38:53 Squires
41:41 Town Watch
41:20 Halberdier
42:15 Bodkin Arrow
42:41 Chain Barding Armor
42:57 Iron Casting
45:01 Bracer
46:23 Bloodlines
47:20 Blast Furnace
46:36 Leather Archer Armor
46:25 Scale Mail Armor
47:51 Caravan
49:02 Gold Shaft Mining
49:03 Fervor
49:45 Ring Archer Armor
55:39 Sappers
58:20 Chain Mail Armor
57:54 Gambesons
57:55 Arson
67:13 Chemistry
66:37 Ballistics
打死你们这些外国人
0:46 Loom
12:21 Feudal Age
13:33 Double-Bit Axe
15:20 Wheelbarrow
14:44 Horse Collar
22:08 Castle Age
20:19 Gold Mining
20:55 Scale Mail Armor
21:00 Stone Mining
22:00 Bloodlines
22:13 Forging
23:23 Bow Saw
24:39 Hand Cart
25:44 Gold Shaft Mining
27:39 Iron Casting
27:28 Scale Barding Armor
28:11 Town Watch
29:27 Chain Barding Armor
30:56 Husbandry
37:09 Imperial Age
36:28 Fletching
38:46 Cavalier
40:28 Blast Furnace
40:05 Plate Barding Armor
40:07 Conscription
43:08 Two-Man Saw
42:26 Bodkin Arrow
44:02 Paladin
65:21 Bracer
madnessss86
0:30 Loom
14:19 Feudal Age
24:16 Castle Age
23:53 Double-Bit Axe
25:49 Bow Saw
25:24 Horse Collar
26:09 Husbandry
26:21 Bloodlines
26:12 Gold Mining
26:13 Stone Mining
27:14 Heavy Plow
32:15 Scale Barding Armor
32:21 Forging
32:12 Scale Mail Armor
39:54 Imperial Age
40:09 Chain Barding Armor
40:24 Iron Casting
40:05 Chain Mail Armor
41:12 Two-Man Saw
40:43 Conscription
44:52 Crop Rotation
45:53 Elite War Elephant
47:43 Plate Mail Armor
49:06 Chemistry
48:58 Gold Shaft Mining
59:02 Coinage
ildemo
0:31 Loom
13:22 Feudal Age
14:35 Double-Bit Axe
15:39 Wheelbarrow
16:03 Horse Collar
19:14 Bloodlines
24:10 Castle Age
24:09 Town Watch
24:21 Stone Mining
24:22 Gold Mining
26:10 Hand Cart
25:59 Heavy Plow
26:13 Bow Saw
29:49 Squires
29:35 Arson
29:36 Gambesons
40:33 Gold Shaft Mining
40:34 Stone Shaft Mining
42:46 Imperial Age
45:47 Guilds
45:38 Caravan
46:06 Light Cavalry
46:47 Husbandry
48:29 Conscription
50:36 Thunderclap Bombs
51:36 Forging
51:27 Scale Mail Armor
51:28 Padded Archer Armor
51:18 Fletching
52:40 Chemistry
52:28 Crop Rotation
52:43 Fortified Bastions
54:07 Two-Man Saw
54:09 Elite Fire Lancer
56:16 Hussar
56:17 Elite Steppe Lancer
Xi Jinping
2:28 Loom
4:19 Loom
11:57 Feudal Age
12:32 Double-Bit Axe
12:31 Horse Collar
13:33 Wheelbarrow
17:25 Scale Barding Armor
19:47 Forging
26:18 Castle Age
26:21 Bloodlines
26:40 Light Cavalry
27:28 Husbandry
27:43 Bow Saw
27:36 Heavy Plow
28:08 Town Watch
28:32 Stone Mining
30:53 Hand Cart
30:44 Gold Mining
33:32 Town Patrol
35:50 Gold Shaft Mining
36:37 Chain Barding Armor
43:17 Imperial Age
42:01 Iron Casting
43:40 Murder Holes
44:08 Ballistics
43:56 Cavalier
45:52 Plate Barding Armor
46:18 Blast Furnace
44:47 Hussar
47:12 Chemistry
48:18 Two-Man Saw
51:13 Pikeman
52:10 Scale Mail Armor
52:20 Squires
54:01 Conscription
56:34 Paladin
MuchJaguar3116
0:29 Loom
12:37 Feudal Age
15:52 Double-Bit Axe
15:50 Horse Collar
25:59 Castle Age
24:40 Wheelbarrow
23:51 Town Watch
25:12 Gold Mining
25:16 Stone Mining
27:27 Fervor
31:38 Bow Saw
31:05 Elite Skirmisher
31:07 Pikeman
31:17 Pikeman
33:23 Heavy Plow
38:38 Imperial Age
36:39 Treadmill Crane
36:54 Murder Holes
38:36 Caravan
39:42 Stone Shaft Mining
39:35 Halberdier
40:01 Arson
39:37 Champi Runner
39:41 Elite Kona
40:56 Hoardings
39:51 Sappers
40:27 Butalmapu
40:23 Malon
40:44 Conscription
42:07 Crop Rotation
42:18 Gold Shaft Mining
42:25 Butalmapu
42:20 Malon
41:51 Sappers
41:49 Champi Warrior
42:06 Champi Warrior
44:12 Hand Cart
44:01 Town Patrol
47:21 Padded Archer Armor
47:32 Forging
47:13 Fletching
49:18 Chemistry
48:30 Masonry
48:26 Siege Engineers
48:43 Ballistics
48:38 Masonry
48:33 Siege Engineers
49:01 Elite Champi Warrior
Connection lost

Rejoining the realm…

Still unreachable

The connection could not be restored.

Session expired

The server has moved on; the page needs a fresh start.